 Dungeon Crawl Stone Soup version 0.28.0-43-g3370ac3207 (webtiles) character file.

Game seed: 14294701304013583932

6001 fknight the Cleaver (level 10, -1/84 (91) HPs)
             Began as a Hill Orc Monk on Mar 2, 2022.
             Was an Elder of Beogh.
             Slain by a wight
             ... wielding a +4 war axe of freezing
              (3 damage)
             ... while petrified by a basilisk
             ... on level 9 of the Dungeon.
             The game lasted 00:44:48 (10194 turns).

fknight the Cleaver (Hill Orc Monk)                Turns: 10194, Time: 00:44:48

HP:   -1/84 (91)    AC: 15    Str: 19    XL:     10   Next: 85%
MP:   14/14         EV:  2    Int: 10    God:    Beogh [****..]
Gold: 487           SH:  0    Dex: 19    Spells: 9/9 levels left

rFire   + + +      SeeInvis .   a - +4 hand axe (freeze)
rCold   x . .      Faith    +   (no shield)
rNeg    + + +      Spirit   .   v - +1 chain mail
rPois   ∞          Reflect  .   (no helmet)
rElec   .          Harm     .   h - +2 cloak of Integrity {Rampage rF+++ rC- rCorr}
rCorr   +          Rampage  +   s - +2 pair of gloves
Will    .....                   (no boots)
Stlth   +.........              o - amulet of faith
HPRegen 0.24/turn               U - +6 ring of dexterity
MPRegen 0.14/turn               P - ring of positive energy

@: petrified, drained
A: no striking features
a: Renounce Religion, Smiting, Recall Orcish Followers


You were on level 9 of the Dungeon.
You worshipped Beogh.
Beogh was greatly pleased with you.
You visited 1 branch of the dungeon, and saw 9 of its levels.

You collected 487 gold pieces.

Inventory:

Hand Weapons
 a - a +4 hand axe of freezing (weapon)
 b - a +1 arbalest of flaming
 c - a +2 dagger of freezing
 f - a +0 spear
 g - a +1 dagger of venom
 i - a +1 falchion of holy wrath
 k - a +2 whip of venom
 q - a +0 dagger of speed
 r - a +0 hand crossbow
 u - a +2 falchion of flaming
 x - a +2 spear of venom
 y - a +0 flail of draining
 F - a +0 war axe
 G - the +6 long sword of Wyrd {flame, Dex+3}
   (You found it on level 6 of the Dungeon)

   It burns those it strikes, dealing additional fire damage.
   Big, fiery blades are also staple armaments of hydra-hunters.
   Dex:       It affects your dexterity (+3).
 J - a +0 mace of protection
 L - a +0 trident
 N - a +0 glaive
 V - a +2 scimitar
 W - a +3 scimitar of freezing
 X - a +2 spear
Missiles
 d - 73 bolts
 e - 171 stones (quivered)
 j - 202 arrows
 n - 20 poisoned darts
 t - 3 boomerangs
Armour
 h - the +2 cloak of Integrity (worn) {Rampage rF+++ rC- rCorr}
   (You acquired it on level 5 of the Dungeon)

   rF:        It renders you almost immune to fire.
   rC:        It makes you vulnerable to cold.
   rCorr:     It protects you from acid and corrosion.
   Rampage:   It bestows one free step when moving towards enemies.
 s - a +2 pair of gloves (worn)
 v - a +1 chain mail (worn)
Jewellery
 m - a ring of magical power
 o - an amulet of faith (around neck)
 I - an amulet of guardian spirit
 P - a ring of positive energy (right hand)
 U - a +6 ring of dexterity (left hand)
Wands
 T - a wand of acid (10)
Scrolls
 p - 3 scrolls of immolation
 w - 4 scrolls of magic mapping
 E - 4 scrolls of teleportation
 H - a scroll of amnesia
 M - a scroll of enchant armour
 S - a scroll of fog
Potions
 l - 3 potions of heal wounds
 z - 3 potions of mutation
 A - 2 potions of curing
 B - 2 potions of lignification
 D - a potion of cancellation {unknown}
 K - 2 potions of flight
 O - a potion of berserk rage {unknown}
 Z - a potion of might {unknown}


   Skills:
 + Level 9.1 Fighting
 + Level 9.9 Axes
 + Level 5.5 Crossbows
 + Level 6.3 Dodging
 + Level 6.5 Stealth
 + Level 6.6 Invocations


You had 9 spell levels left.
You didn't know any spells.
Your spell library contained the following spells:

 Spells                   Type           Power      Damage    Failure   Level
 Freeze                   Ice            0%         1d3       99%         1
 Blink                    Tloc           0%         N/A       100%        2
 Corpse Rot               Necr/Air       0%         N/A       100%        2
 Frozen Ramparts          Ice            0%         1d2       100%        3
 Dispel Undead            Necr           0%         3d6       100%        4
 Hailstorm                Conj/Ice       0%         3d3       100%        4
 Manifold Assault         Tloc           0%         N/A       100%        5
 Death Channel            Necr           0%         N/A       100%        6
 Storm Form               Tmut/Air       0%         N/A       100%        7
 Chain Lightning          Conj/Air       0%         N/A       100%        9
 Fire Storm               Conj/Fire      0%         5d1       100%        9
 Shatter                  Erth           0%         3d5*      100%        9


Dungeon Overview and Level Annotations

Branches:
Dungeon (9/15)             Temple (0/1) D:5
   Lair: D:8-11         Orc: D:9-12

Altars:
Elyvilon
Fedhas
Kikubaaqudgha
Nemelex Xobeh
Okawaru
Qazlal
Ru
Sif Muna
Vehumet
Wu Jian
Xom
Yredelemnul
The Shining One

Shops:
D:4 [


Message History

The wight hits you with a +4 war axe of freezing!
* * * LOW HITPOINT WARNING * * *
You partially resist.
You feel drained. The wight freezes you.
* * * LOW HITPOINT WARNING * * *
The basilisk gazes at you. You resist with some effort.
Your limbs are stiffening.
You slash the basilisk!
The basilisk seems to slow down.
You freeze the basilisk.
The basilisk is almost dead.
You hit the wight. x2
You destroy the wight!
Beogh accepts your kill.
You hit the wight but do no damage.
A water moccasin comes into view.
The wight barely misses you.
You have turned to stone.
The water moccasin hisses angrily.
The wight hits you with a +0 battleaxe. The wight hits you but does no damage.
The basilisk bites you but does no damage.
The wight barely misses you.
The wight hits you but does no damage. x2; The basilisk bites you.
* * * LOW HITPOINT WARNING * * *
The wight hits you with a +0 rapier!
* * * LOW HITPOINT WARNING * * *
The wight hits you but does no damage.
The wight hits you with a +4 war axe of freezing!
* * * LOW HITPOINT WARNING * * *
The wight freezes you. The wight hits you with a +0 rapier.
* * * LOW HITPOINT WARNING * * *
The basilisk is no longer moving slowly.
The wight hits you but does no damage. The basilisk barely misses you.
The wight hits you but does no damage. The wight hits you with a +0 rapier!
* * * LOW HITPOINT WARNING * * *
The wight barely misses you. The basilisk gazes at you.
The wight hits you but does no damage. The wight hits you with a +0 rapier!
* * * LOW HITPOINT WARNING * * *
The wight hits you but does no damage. The basilisk gazes at you.
The wight hits you with a +4 war axe of freezing!
You die...

........ ....)..
..#.. #
##.#.######.#
#.#............
.###.....#........
......##.z.......#
#.....Sl@z.......#
......###z).......
....# ........>..
.#. ..<#......##.
..............
............#.#
..####........# (#
.........


You could see a basilisk, a water moccasin and 3 wights.

Vanquished Creatures
  Harold (D:7)
  An ugly thing (D:8)
  Grinder (D:6)
  A hornet (D:9)
  7 yaks (D:8)
  A human (D:5)
  A steam dragon (D:8)
  A wyvern (D:9)
  A sky beast (D:6)
  3 ice beasts
  2 black bears
  3 necrophages
  4 ogres (D:5)
  2 centaurs
  A phantom (D:6)
  Blork the orc (D:6)
  2 bullfrogs (D:7)
  A gnoll sergeant (D:5)
  5 scorpions
  4 killer bees (D:8)
  6 wights
  2 jellies (D:4)
  A centaur zombie (D:5)
  2 centaur skeletons
  A bullfrog skeleton (D:6)
  A gnoll shaman (D:5)
  2 iguanas (D:4)
  2 orc wizards
  A killer bee zombie (D:7)
  A hound skeleton (D:4)
  2 howler monkey zombies
  4 adders
  7 gnolls (D:5)
  A howler monkey skeleton (D:6)
  A shadow imp (D:5)
  An ufetubus (D:6)
  An adder skeleton (D:4)
  A worm (D:5)
  3 dart slugs
  2 orcs
  8 bats
  5 endoplasms
  4 giant cockroaches
  9 hobgoblins
  7 jackals
  12 kobolds
  5 quokkas
  7 ball pythons
  3 frilled lizards
  13 goblins
  A jackal skeleton (D:5)
  6 rats
165 creatures vanquished.

Vanquished Creatures (collateral kills)
  2 yaks (D:8)
  An ogre (D:7)
  A kobold brigand (D:8)
  A wyvern zombie (D:8)
  An orc wizard (D:7)
  An orc (D:7)
7 creatures vanquished.

Vanquished Creatures (others)
  An orc priest (D:9)
  A yak (D:8)
  3 orc warriors
  2 orc wizards
  4 orcs
  A jackal skeleton (D:5)
  A plant (D:9)
13 creatures vanquished.

Grand Total: 185 creatures vanquished

Notes
Turn   | Place    | Note
-------+----------+-------------------------------------------
     0 | D:1      | fknight the Hill Orc Monk began the quest for the Orb.
     0 | D:1      | Reached XP level 1. HP: 19/19 MP: 1/1
   112 | D:1      | Reached XP level 2. HP: 21/27 MP: 2/2
   754 | D:1      | Reached XP level 3. HP: 33/33 MP: 3/3
  1895 | D:2      | Reached XP level 4. HP: 29/40 MP: 4/4
  2428 | D:3      | Found a blossoming altar of Fedhas.
  2489 | D:3      | Found a faded altar of an unknown god.
  3157 | D:4      | Found Suviwyh's Armour Shoppe.
  3203 | D:4      | Reached skill level 5 in Axes
  3203 | D:4      | Reached XP level 5. HP: 47/47 MP: 5/5
  3359 | D:4      | Found an ornate altar of the Wu Jian Council.
  3362 | D:4      | Found a sparkling altar of Nemelex Xobeh.
  3459 | D:4      | Reached skill level 5 in Fighting
  3479 | D:4      | Reached XP level 6. HP: 46/56 MP: 6/6
  3654 | D:4      | Noticed an ice beast
  3674 | D:4      | Killed an ice beast
  3675 | D:4      | Reached skill level 1 in Crossbows
  3836 | D:4      | Noticed a necrophage
  3850 | D:4      | Killed a necrophage
  3851 | D:4      | Reached XP level 7. HP: 56/61 MP: 7/7
  3911 | D:4      | Found a shimmering altar of Xom.
  4115 | D:4      | Found an ancient bone altar of Kikubaaqudgha.
  4141 | D:5      | Entered Level 5 of the Dungeon
  4493 | D:5      | Identified a scroll of acquirement
  4493 | D:5      | Acquired the +2 cloak of Integrity {Rampage rF+++ rC-
                  | rCorr}
  4642 | D:5      | Found a staircase to the Ecumenical Temple.
  4643 | D:5      | Became a worshipper of Beogh the Brigand
  4643 | D:5      | Reached * piety under Beogh
  4643 | D:5      | Reached ** piety under Beogh
  4827 | D:5      | Reached XP level 8. HP: 70/70 MP: 8/8
  4912 | D:5      | Found a glowing golden altar of the Shining One.
  5140 | D:5      | Found a runed translucent door.
  5174 | D:5      | Reached skill level 1 in Invocations
  5553 | D:5      | Found a basalt altar of Yredelemnul.
  5907 | D:5      | Reached *** piety under Beogh
  5908 | D:5      | Reached XP level 9. HP: 75/79 MP: 9/11
  6003 | D:6      | Reached skill level 5 in Dodging
  6119 | D:6      | Found a sacrificial altar of Ru.
  6126 | D:6      | Reached skill level 5 in Stealth
  6265 | D:6      | Found a shimmering blue altar of Sif Muna.
  6335 | D:6      | Identified the +6 long sword of Wyrd {flame, Dex+3}
  6354 | D:6      | Found an iron altar of Okawaru.
  6455 | D:6      | Noticed Grinder
  6457 | D:6      | Paralysed by Grinder for 7 turns
  6468 | D:6      | Killed Grinder
  6760 | D:6      | Noticed Blork the orc
  6762 | D:6      | Killed Blork the orc
  7027 | D:7      | Noticed Harold
  7053 | D:7      | Killed Harold
  7294 | D:7      | Found a white marble altar of Elyvilon.
  7335 | D:7      | Found a stormy altar of Qazlal.
  7652 | D:7      | Reached XP level 10. HP: 88/88 MP: 13/13
  7767 | D:7      | Reached skill level 5 in Invocations
  8720 | D:8      | Reached **** piety under Beogh
  8724 | D:8      | Reached skill level 5 in Crossbows
  9897 | D:8      | Noticed a green ugly thing
  9905 | D:8      | Killed a green ugly thing
  9907 | D:8      | Found a radiant altar of Vehumet.
 10164 | D:9      | Paralysed by a hornet for 1 turns
 10169 | D:9      | Paralysed by a hornet for 1 turns
 10192 | D:9      | HP: 4/84 [wight/+0 rapier (3)]
 10194 | D:9      | Slain by a wight

Illustrated notes

Levels and vault maps discovered:
D:1:      tarquinn_simple_flora_water_c, layout_basic, minmay_statues_item,
          minmay_tetromino_o2
D:2:      layout_loops_ring, lemuel_old_faithful
D:3:      layout_rooms, amcnicky_altar_gilded,
          hellmonk_ecumenical_altar_dog_temple, minmay_increasing_density
D:4:      wander_river, layout_rooms, tgw_xom, mainiacjoe_overflow_tiny_flanked,
          nicolae_overflow_squiral, kennysheep_windowed_goal
D:5:      layout_loops_corners, tso_metal_star, dk_yredelemnul_ordeal,
          minmay_temple_entry_offerings
D:6:      layout_loops_ring, nicolae_ru_great_annihilating_truth,
          mainiacjoe_overflow_six_doors_small, okawaru_ov_weapons_minmay,
          hangedman_decor_points, uniq_blork_the_orc, uniq_grinder
D:7:      layout_basic, mainiacjoe_overflow_24_doors,
          mainiacjoe_overflow_alcove_2, uniq_harold
D:8:      layout_basic, lemuel_crystal_altar
D:9:      layout_rooms, minmay_lair_entry_grove, minmay_orc_entry_guard_dogs,
          hangedman_ranch

Skill      XL: |  1  2  3  4  5  6  7  8  9 10 |
---------------+-------------------------------+-----
Fighting       | 4 5 6 7 8 9 |  9.1
Stealth        | 2 3 4 5 6 |  6.5
Dodging        | 3 4 5 6 |  6.3
Axes           | 5 6 7 8 9 |  9.9
Crossbows      | 1 2 3 4 5 |  5.5
Invocations    | 2 4 6 |  6.6

Action                   |  1- 3 |  4- 6 |  7- 9 | 10-12 || total
-------------------------+-------+-------+-------+-------++-------
Melee: Hand axe          |   118 |    68 |   192 |   121 ||   499
       Punch             |     1 |     1 |     3 |     5 ||    10
       Falchion          |       |    16 |       |       ||    16
       Arbalest          |       |       |       |     2 ||     2
 Fire: Arbalest          |       |    45 |    46 |    13 ||   104
Throw: Stone             |    68 |       |     2 |       ||    70
Invok: Convert to Beogh  |       |       |     1 |       ||     1
  Use: Scroll            |       |     8 |    10 |     1 ||    19
       Potion            |       |       |       |     1 ||     1
 Stab: Distracted        |       |       |     1 |       ||     1
       Invisible         |       |       |     1 |       ||     1
       Paralysed         |       |       |     1 |       ||     1
Armor: Robe              |    10 |       |       |       ||    10
       Ring mail         |    20 |       |       |       ||    20
       Scale mail        |       |    24 |       |       ||    24
       Chain mail        |       |    25 |   109 |    62 ||   196
Dodge: Dodged            |    85 |    51 |    85 |    40 ||   261
